 Dungeon Crawl Stone Soup version 0.16.0-17-g811c1d7 (webtiles) character file.

3555 Woebin the Fighter (level 10, -1/88 HPs)
             Began as a Hill Orc Fighter on Mar 20, 2015.
             Killed from afar by an electric eel (4 damage)
             ... with a bolt of electricity
             ... on level 8 of the Dungeon.
             The game lasted 00:24:55 (6479 turns).

Woebin the Fighter (Hill Orc Fighter)               Turns: 6479, Time: 00:24:56

Health: -1/88      AC: 18    Str: 23    XL:     10   Next: 9%
Magic:  9/9        EV:  7    Int:  8    God:
Gold:   403        SH: 12    Dex: 14    Spells: 0 memorised, 9 levels left

rFire  . . .     SeeInvis .     H - +7 Screaming Sword
rCold  . . .     Clarity  .     D - +0 plate armour
rNeg   + . .     SustAb   .     c - +1 shield
rPois  .         Gourm    .     j - +0 helmet
rElec  .         Spirit   .     y - +0 cloak
rCorr  .         Warding  .     (no gloves)
rMut   .         Stasis   .     w - +1 pair of boots
MR     .....                    (no amulet)
Stlth  ..........               l - ring of positive energy
                                o - +4 ring of dexterity

@: lethally poisoned (-1 -> -2), not resistant to hostile enchantments,
extremely unstealthy
A: low mp 1, slow healing 1
a: no special abilities


You were on level 8 of the Dungeon.
You were not hungry.

You visited 2 branches of the dungeon, and saw 9 of its levels.

You collected 403 gold pieces.

Inventory:

Hand weapons
 a - a +4 mace of crushing
 b - a +0 flail of holy wrath
 B - a +1 war axe
 F - the +5 rapier of Liluifoh {pierce, rElec rF+ Str+3 Int-2 Stlth+}
   (You found it on level 7 of the Dungeon)

   It inflicts extra damage upon your enemies.
   It affects your strength (+3).
   It affects your intelligence (-2).
   It protects you from fire.
   It insulates you from electricity.
   It makes you more stealthy.
 H - the +7 Screaming Sword (weapon)
   (You found it on level 7 of the Dungeon)
Missiles
 k - 23 stones
 x - a tomahawk (quivered)
Armour
 c - a +1 shield (worn)
 j - a +0 helmet (worn)
 w - a +1 pair of boots (worn)
 y - a +0 cloak (worn)
 D - a +0 plate armour (worn)
Jewellery
 l - a ring of positive energy (right hand)
 o - a +4 ring of dexterity (left hand)
Magical devices
 g - a wand of enslavement (15)
 u - a wand of slowing (23)
 v - a wand of digging (11)
 C - a wand of paralysis (9)
Scrolls
 m - a scroll of identify
 r - 2 scrolls of teleportation
 t - a scroll of enchant armour
Potions
 e - 3 potions of might
 p - 2 potions of curing
 q - a potion of magic
 s - 2 potions of heal wounds
 A - a potion of invisibility
Books
 G - a book of Frost

   Spells                             Type                      Level
   a - Freeze                         Ice                          1
   b - Throw Frost                    Conjuration/Ice              2
   c - Ozocubu's Armour               Charms/Ice                   3
   d - Throw Icicle                   Conjuration/Ice              4
   e - Summon Ice Beast               Ice/Summoning                4
   f - Condensation Shield            Ice                          4
Comestibles
 d - 2 meat rations
 f - 4 bread rations
 i - 3 beef jerkies
 n - 5 fruits
 z - a slice of pizza


   Skills:
 + Level 8.0 Fighting
 - Level 1.6(2.0) Short Blades
 + Level 1.9(2.3) Long Blades
 - Level 7.3(7.4) Axes
 - Level 0.9(3.9) Maces & Flails
 + Level 4.8 Throwing
 + Level 7.6 Armour
 + Level 3.1 Dodging
 + Level 1.1 Stealth
 + Level 7.8 Shields


You had 9 spell levels left.
You didn't know any spells.

Dungeon Overview and Level Annotations

Branches:
Dungeon (8/15)             Temple (1/1) D:6
   Lair: D:8-11

Altars:
Ashenzari
Cheibriados
Dithmenos
Elyvilon
Fedhas
Gozag
Kikubaaqudgha
Makhleb
Nemelex Xobeh
Okawaru
Qazlal
Ru
Sif Muna
Trog
Vehumet
Xom
Yredelemnul
Zin
The Shining One

Shops:
D:7 %   D:8 =


Innate Abilities, Weirdness & Mutations

Your magical capacity is low (-10% MP).
You heal slowly when monsters are visible.


Message History

You feel sick.
The electric eel shoots out a bolt of lightning at you!
The bolt of electricity hits you!
* * * LOW HITPOINT WARNING * * *
The bolt of electricity hits you!
* * * LOW HITPOINT WARNING * * *
The bolt of electricity hits the electric eel.
The electric eel resists.
Your shield and plate armour prevent you from hitting the electric eel.
The electric eel is heavily wounded.
The Screaming Sword makes a horrifying noise.
Something shouts, "Take thy face hence, thou tottering onion-eyed erk!"
Your shield and plate armour prevent you from hitting the electric eel.
The electric eel is heavily wounded.
You feel sick.
The electric eel shoots out a bolt of lightning at you!
The bolt of electricity hits you!
* * * LOW HITPOINT WARNING * * *
The bolt of electricity hits you!
You die...

≈≈ #♣P≈≈ ##≈≈≈≈≈P
#≈P≈≈≈≈≈≈
##########
#♣≈≈P≈≈≈≈≈
.......∩.#
##≈≈≈≈≈≈≈≈≈
#######..#
#...≈≈≈≈≈≈≈≈ ..#
##.#
##..@........ #.#
#.#
##..≈.;≈≈≈≈≈≈≈ #
#.###..♣†.≈≈≈≈≈≈≈
#)##..♣♣≈.≈≈≈≈♣♣♣
# #[##[♣♣≈P.≈≈≈♣♣
#<#†)..♣♣≈≈.≈≈≈♣
#.#.##P♣≈≈.≈≈≈♣ #
##..<..♣≈≈.≈≈≈≈ #
#......♣♣≈.≈≈


You could see an electric eel.

Vanquished Creatures
  Pikel (D:8)
  A hungry ghost (D:7)
  A wyvern (D:8)
  A water moccasin (D:8)
  A slave (D:8)
  An ice beast (D:5)
  An orc warrior (D:6)
  2 necrophages
  3 sky beasts
  6 ogres
  2 giant frogs (D:7)
  2 centaurs
  Blork the orc (D:5)
  A wyvern skeleton (D:7)
  6 scorpions (D:7)
  A wight (D:7)
  A goliath beetle (D:8)
  A giant frog zombie (D:6)
  4 crimson imps
  2 hounds
  A centaur zombie (D:7)
  2 iguanas
  A centaur skeleton (D:7)
  A giant frog skeleton (D:8)
  3 jellies
  8 worker ants
  7 adders
  A gnoll (D:4)
  4 giant mites
  4 worms
  An adder skeleton (D:5)
  An adder zombie (D:5)
  7 giant geckos
  13 orcs
  19 bats
  A bat skeleton (D:5)
  A giant cockroach (D:1)
  8 goblins
  12 hobgoblins
  14 jackals
  9 quokkas
  2 giant gecko skeletons
  8 giant newts
  A giant spore (D:7)
  15 kobolds
  12 rats
  A ballistomycete (D:7)
  3 fungi (D:7)
  A plant (D:3)
200 creatures vanquished.

Vanquished Creatures (others)
  A slave (D:8)
  A bat zombie (D:8)
  A fungus (D:7)
3 creatures vanquished.

Grand Total: 203 creatures vanquished

Notes
Turn   | Place    | Note
--------------------------------------------------------------
     0 | D:1      | Woebin, the Hill Orc Fighter, began the quest for the Orb.
     0 | D:1      | Reached XP level 1. HP: 19/19 MP: 1/1
   230 | D:1      | Reached XP level 2. HP: 25/27 MP: 2/2
   882 | D:2      | Found an ancient bone altar of Kikubaaqudgha.
   891 | D:2      | Reached XP level 3. HP: 26/33 MP: 3/3
   960 | D:2      | Reached skill level 4 in Fighting
  1077 | D:2      | Found a burning altar of Makhleb.
  1077 | D:2      | Found an iron altar of Okawaru.
  1078 | D:2      | Found a shadowy altar of Dithmenos.
  1088 | D:2      | Found a stormy altar of Qazlal.
  1158 | D:2      | Reached XP level 4. HP: 33/40 MP: 4/4
  1589 | D:3      | Reached skill level 1 in Dodging
  1741 | D:3      | Reached XP level 5. HP: 29/46 MP: 5/5
  2332 | D:3      | Found a basalt altar of Yredelemnul.
  2851 | D:4      | Found an opulent altar of Gozag.
  2899 | D:4      | Reached skill level 1 in Throwing
  3159 | D:4      | Found a snail-covered altar of Cheibriados.
  3165 | D:4      | Reached XP level 6. HP: 43/53 MP: 6/6
  3234 | D:5      | Entered Level 5 of the Dungeon
  3441 | D:5      | Reached XP level 7. HP: 57/60 MP: 7/7
  3597 | D:5      | Reached skill level 5 in Axes
  3597 | D:5      | Reached skill level 5 in Shields
  3739 | D:5      | Reached skill level 5 in Fighting
  3751 | D:5      | Noticed Blork the orc
  3764 | D:5      | Killed Blork the orc
  3764 | D:5      | Reached skill level 5 in Armour
  4146 | D:5      | Found a shimmering altar of Xom.
  4568 | D:5      | Reached XP level 8. HP: 68/68 MP: 8/8
  4823 | D:6      | Found a staircase to the Ecumenical Temple.
  4832 | Temple   | Entered the Ecumenical Temple
  5056 | D:6      | Reached skill level 6 in Axes
  5533 | D:7      | Got an ancient rapier
  5534 | D:7      | Identified the +5 rapier of Liluifoh {pierce, rElec rF+ Str+3 Int-2 Stlth+} (You found it on level 7 of the Dungeon)
  5606 | D:7      | Found a glowing silver altar of Zin.
  5665 | D:7      | Found a bloodstained altar of Trog.
  5733 | D:7      | Reached XP level 9. HP: 69/78 MP: 9/9
  5817 | D:7      | Gained mutation: Your muscles are strong. (Str +2) [mutagenic meat]
  5818 | D:7      | Gained mutation: You heal slowly when monsters are visible. [mutagenic meat]
  5819 | D:7      | Gained mutation: Your magical capacity is low (-10% MP). [mutagenic meat]
  5849 | D:7      | Reached skill level 7 in Axes
  5898 | D:7      | Found Geosoewk's Food Shop.
  6005 | D:7      | Reached skill level 1 in Short Blades
  6419 | D:8      | Found Qaop Thu's Jewellery Shoppe.
  6430 | D:8      | Noticed Pikel
  6436 | D:8      | Killed Pikel
  6436 | D:8      | Reached skill level 1 in Long Blades
  6436 | D:8      | Reached skill level 1 in Stealth
  6440 | D:8      | Reached XP level 10. HP: 85/88 MP: 9/9
  6453 | D:8      | Lost mutation: Your muscles are strong. (Str +2) [mutagenic meat]
  6473 | D:8      | Reached skill level 8 in Fighting
  6479 | D:8      | HP: 3/88 [electric eel/bolt of electricity (7)]
  6479 | D:8      | Killed from afar by an electric eel

Action                   |  1- 3 |  4- 6 |  7- 9 | 10-12 || total
-------------------------+-------+-------+-------+-------++-------
Melee: War axe           |   114 |   174 |   109 |       ||   397
       Mace              |       |       |    19 |       ||    19
       Rapier            |       |       |    83 |       ||    83
       Flail             |       |       |     3 |       ||     3
       Double sword      |       |       |    28 |    11 ||    39
Throw: Stone             |       |    73 |    53 |       ||   126
       Tomahawk          |       |       |    13 |       ||    13
  Use: Scroll            |       |     6 |     8 |       ||    14
       Potion            |       |       |     3 |     2 ||     5
  Eat: Chunk             |     1 |     7 |    12 |     1 ||    21
       Pizza             |       |       |     1 |       ||     1
